 Dungeon Crawl Stone Soup version 0.32-a0-314-g526f7d4993 (webtiles) character file.

Game seed: 10466063080462634315

2390 jasper the Cleaver (level 9, -2/70 HPs)
             Began as a Mountain Dwarf Fighter on Feb 15, 2024.
             Was a Believer of Okawaru.
             Slain by Erica
             ... wielding a +4 scimitar of flaming
              (9 damage)
             ... on level 8 of the Dungeon.
             The game lasted 00:11:52 (6075 turns).

jasper the Cleaver (Mountain Dwarf Fighter)         Turns: 6075, Time: 00:11:52

Health: -2/70      AC: 14    Str: 23    XL:     9   Next: 22%
Magic:  0/20       EV:  5    Int: 15    God:    Okawaru [**....]
Gold:   460        SH:  5    Dex:  9    Spells: 8/8 levels left

rFire   + . .        x - +1 war axe (elec)
rCold   . . .        c - +0 buckler
rNeg    . . .        A - +1 plate armour
rPois   .            (no helmet)
rElec   +            (no cloak)
rCorr   .            (no gloves)
SInv    .            (no boots)
Will    +....        e - amulet of guardian spirit Stlth
                     l - ring of Traps {rElec rF+ Will+ Int+6 Stlth+}
HPRegen 0.31/turn    n - ring of magical power
MPRegen 0.17/turn

%: guardian spirit
@: heroic, constricted
A: runic magic, artefact enchanting
a: Renounce Religion, Heroism


You were on level 8 of the Dungeon.
You worshipped Okawaru.
Okawaru was pleased with you.
You visited 2 branches of the dungeon, and saw 9 of its levels.
You also visited: Sewer.

You collected 460 gold pieces.

Inventory:

Hand Weapons
 a - a +0 war axe
 x - a +1 war axe of electrocution (weapon)
 G - a +3 battleaxe
Missiles
 f - 31 stones (quivered)
 g - 30 poisoned darts
 r - a curare-tipped dart
 s - 2 throwing nets
 J - 6 boomerangs
Armour
 b - a +0 scale mail
 c - a +0 buckler (worn)
 u - a +0 troll leather armour {Pargi}
 v - a +1 scale mail of willpower
 A - a +1 plate armour (worn)
 D - a +2 leather armour of poison resistance
Jewellery
 e - an amulet of guardian spirit (around neck)
 l - the ring of Traps (left hand) {rElec rF+ Will+ Int+6 Stlth+}
   (You found it on level 3 of the Dungeon)

   [ring of intelligence]

   Int+6:     It affects your intelligence (+6).
   rF+:       It protects you from fire.
   rElec:     It insulates you from electricity.
   Will+:     It increases your willpower.
   Stlth+:    It makes you more stealthy.
 n - a ring of magical power (right hand)
 p - a ring of positive energy
 E - a +6 ring of dexterity
 F - a +6 ring of intelligence
Wands
 t - a wand of iceblast (1)
 y - a wand of charming (14)
Scrolls
 o - a scroll of amnesia
 q - 4 scrolls of teleportation
 w - a scroll of revelation {unknown}
 z - a scroll of vulnerability
 B - a scroll of immolation
 C - 2 scrolls of blinking
Potions
 d - a potion of might
 h - 2 potions of cancellation
 i - 2 potions of lignification
 k - a potion of haste
 m - a potion of degeneration
 H - a potion of berserk rage
 I - a potion of brilliance
 K - a potion of enlightenment {unknown}


   Skills:
 - Level 3.2(8.2) Fighting
 + Level 13.7(18.7) Axes
 - Level 3.0(8.0) Throwing
 - Level 3.2(8.2) Armour
 - Level 3.2(8.2) Shields
 - Level 3.0 Invocations


You had 8 spell levels left.
You didn't know any spells.
Your spell library contained the following spells:

 Spells                   Type           Power      Damage    Failure   Level
 Sting                    Conj/Alch      0%         1d3       52%         1
 Mercury Vapours          Alch/Air       0%         N/A       65%         2
 Scorch                   Fire           0%         2d5       65%         2
 Sublimation of Blood     Necr           0%         N/A       65%         2
 Hailstorm                Conj/Ice       0%         3d5       87%         3
 Flame Wave               Conj/Fire      0%         2d4       99%         4
 Olgreb's Toxic Radiance  Alch           0%         N/A       99%         4
 Call Imp                 Summ           Unusable   N/A       N/A         2
 Summon Ice Beast         Ice/Summ       Unusable   N/A       N/A         3
 Sculpt Simulacrum        Ice/Alch       Unusable   N/A       N/A         6
 Summon Cactus Giant      Summ           Unusable   N/A       N/A         6
 Summon Hydra             Summ           Unusable   N/A       N/A         7

Dungeon Overview and Level Annotations

Branches:
Dungeon (7/15)             Temple (1/1) D:5           Sewer (visited)

Altars:
Ashenzari
Cheibriados
Dithmenos
Elyvilon
Fedhas
Gozag
Hepliaklqana
Kikubaaqudgha
Makhleb
Okawaru
Qazlal
Ru
Sif Muna
Trog
Vehumet
Wu Jian
Xom
Yredelemnul
Zin
The Shining One

Annotations:
D:8 Erica


Innate Abilities, Weirdness & Mutations

Your spellcasting is much less encumbered by armour.
You can use scrolls of enchantment on lesser artefacts.


Message History

You take 4 damage, and have 21/70 hp.
You hit something but do no damage. You closely miss the killer bee.
* * * LOW HITPOINT WARNING * * *
You feel very sick. The killer bee stings you.
* * * LOW HITPOINT WARNING * * *
Something hits you but does no damage.
You are constricted.
You block the killer bee's attack.
You take 7 damage, and have 14/70 hp.
You now have 5/20 mp.
You feel better.
The killer bee stings you but does no damage.
You hear some strange, mumbled words.
A bolt of poison appears from out of thin air!
The bolt of poison hits you!!
You are lethally poisoned!
* * * LOW HITPOINT WARNING * * *
You are constricted.
The killer bee stings you but does no damage.
You take 6 damage, and have 8/70 hp.
You now have 2/20 mp.
You feel better.
The killer bee stings you but does no damage.
Something hits you.
* * * LOW HITPOINT WARNING * * *
You are constricted.
* * * LOW HITPOINT WARNING * * *
The killer bee stings you but does no damage.
You regained 2 hp, and now have 10/70 hp.
Okay, then.
You hit the killer bee.
You kill the killer bee!
Okawaru accepts your kill.
You barely miss something. Something hits you.
* * * LOW HITPOINT WARNING * * *
Something burns you.
* * * LOW HITPOINT WARNING * * *
You are constricted.
* * * LOW HITPOINT WARNING * * *
You take 8 damage, and have 2/70 hp.
You now have 0/20 mp.
You feel better. Something hits you!
You die...

##.... #.... . ...y ..
.. #..# ... #.. ##..
.... .#.. ##..# .....
..... ##..†##y.....
.....##....@{y.....
........†.###o.....
.........##### #..#.
..........##..###.##..
..........##......##..
.............#.#..#...
.........#.#...#......
.........#####.....#
.>.......#####...###


You could see 2 killer bees and an orc.

Vanquished Creatures
  Eustachio (D:6)
  Pargi (Sewer)
  3 water moccasins
  An ice beast (D:5)
  3 black bears (D:6)
  2 kobold brigands
  A brain worm (Sewer)
  A bullfrog (D:8)
  A gnoll sergeant (D:8)
  3 scorpions
  4 wights (D:8)
  2 killer bees (D:8)
  A howler monkey (D:7)
  An electric eel (D:7)
  A bombardier beetle (D:5)
  3 hounds (D:5)
  A jelly (D:5)
  2 iguanas (D:5)
  A sleepcap (D:7)
  3 gnolls (D:8)
  7 adders
  3 white imps
  6 ufetubi
  2 dart slugs (D:3)
  2 ribbon worms
  13 orcs
  6 ball pythons
  10 endoplasms
  A giant cockroach (Sewer)
  5 hobgoblins
  6 jackals
  4 quokkas
  4 bats
  3 frilled lizards
  4 goblins
  16 kobolds
  3 rats
131 creatures vanquished.

Vanquished Creatures (others)
  An orc (D:7)
1 creature vanquished.

Grand Total: 132 creatures vanquished

Notes
Turn   | Place    | Note
-------+----------+-------------------------------------------
     0 | D:1      | jasper the Mountain Dwarf Fighter began the quest for the
                  | Orb.
     0 | D:1      | Reached XP level 1. HP: 19/19 MP: 1/1
    74 | D:1      | Reached skill level 3 in Axes
    98 | D:1      | Reached XP level 2. HP: 22/26 MP: 2/2
   445 | D:1      | Reached skill level 4 in Axes
   901 | D:2      | Reached XP level 3. HP: 31/31 MP: 3/3
  1010 | D:2      | Found a faded altar of an unknown god.
  1219 | D:2      | Reached skill level 5 in Axes
  1335 | D:2      | Reached XP level 4. HP: 37/38 MP: 4/4
  1672 | D:3      | Identified the ring of Traps {rElec rF+ Will+ Int+6 Stlth+}
  2120 | D:3      | Reached skill level 6 in Axes
  2312 | D:3      | Found a glowing drain.
  2327 | Sewer    | Entered a sewer
  2346 | Sewer    | Identified the +1 falchion "Nauckog" {holy, Int-2 Dex+6}
  2355 | Sewer    | Noticed a kobold brigand
  2359 | Sewer    | Killed a kobold brigand
  2360 | Sewer    | Reached skill level 7 in Axes
  2360 | Sewer    | Reached XP level 5. HP: 35/45 MP: 5/5
  2453 | Sewer    | Reached XP level 6. HP: 44/51 MP: 6/6
  2525 | Sewer    | Noticed Pargi
  2546 | Sewer    | Killed Pargi
  2547 | Sewer    | Reached skill level 8 in Axes
  3206 | D:4      | Identified the +0 robe of Umumiamu {rPois Dex+3 Stlth+}
  3275 | D:4      | Reached skill level 9 in Axes
  3595 | D:4      | Reached XP level 7. HP: 51/57 MP: 7/7
  3701 | D:5      | Entered Level 5 of the Dungeon
  3730 | D:5      | Reached skill level 10 in Axes
  3919 | D:5      | Found a staircase to the Ecumenical Temple.
  3928 | Temple   | Entered the Ecumenical Temple
  3972 | Temple   | Became a worshipper of Warmaster Okawaru
  4682 | D:6      | Reached skill level 11 in Axes
  4691 | D:5      | Reached XP level 8. HP: 45/63 MP: 8/8
  4787 | D:5      | Reached skill level 12 in Axes
  4873 | D:6      | Reached * piety under Okawaru
  4879 | D:6      | Noticed Eustachio
  4893 | D:6      | Killed Eustachio
  5181 | D:6      | Reached skill level 13 in Axes
  5538 | D:7      | Reached skill level 1 in Invocations
  5635 | D:7      | Reached skill level 1 in Throwing
  5669 | D:7      | Reached ** piety under Okawaru
  5863 | D:7      | You fall into a shaft and drop 1 floor!
  5891 | D:8      | Reached XP level 9. HP: 59/70 MP: 11/11
  6057 | D:8      | Noticed Erica
  6074 | D:8      | HP: 2/70 [something (2)]
  6075 | D:8      | Slain by Erica

Illustrated notes

Levels and vault maps discovered:
D:1:      heliophobic_arrival_battle_scene, layout_basic
D:2:      layout_basic, chequers_ecumenical_altar_island
D:3:      layout_rooms, cheibrodos_sewer_entry_bend, minmay_bisected
D:4:      layout_loops_cross, minivault_27, corexii_shack
D:5:      layout_loops_ring, temple_pool_b
D:6:      layout_cave_pools, minmay_misc_feat_alley,
          hangedman_decor_peaks_small, serial_bayou_pond_c, uniq_eustachio
D:7:      statuecave_lemuel, layout_basic, grunt_temple_overflow_open
D:8:      layout_cave_pools, gammafunk_ghost_split, uniq_erica, uniq_maggie,
          uniq_prince_ribbit1
Temple:   mainiacjoe_temple_cubbyholes

Skill      XL: |  1  2  3  4  5  6  7  8 |
---------------+-------------------------+-----
Axes           | 3 4 5 7 9 11 13 | 13.7
Invocations    | 3 |  3.0
Throwing       | 3 |  3.0
Fighting       | |  3.2
Armour         | |  3.2
Shields        | |  3.2

Action                     |  1- 3 |  4- 6 |  7- 9 || total
---------------------------+-------+-------+-------++-------
  Melee: War axe           |    78 |   143 |   185 ||   406
  Throw: Stone             |     2 |    25 |    12 ||    39
         Throwing net      |       |     2 |       ||     2
         Dart              |       |     1 |     1 ||     2
 Invoke: Heroism           |       |       |     1 ||     1
  Evoke: Wand              |       |     2 |     4 ||     6
    Use: Scroll            |     3 |     5 |     9 ||    17
         Potion            |       |       |     4 ||     4
 Armour: Scale mail        |    41 |   117 |     6 ||   164
         Plate armour      |       |       |   221 ||   221
  Dodge: Dodged            |    39 |    70 |    66 ||   175
  Block: Buckler           |    11 |    19 |    29 ||    59

Table legend: (Time is in decaauts)
 A = Elapsed time spent in this place.
 B = Non-inter-level travel time spent in this place.
 C = Inter-level travel time spent in this place.
 D = Time resting spent in this place.
 E = Time spent auto-exploring this place.
 F = Levels seen in this place.
 G = Mean time per level.
                   A        B        C        D        E       F      G
               +--------+--------+--------+--------+--------+-----+--------+
         Total |   6138 |   5741 |    397 |    832 |   3614 |  10 |  613.8 |
       Dungeon |   5704 |   5391 |    313 |    695 |   3498 |   8 |  713.0 |
        Temple |     86 |      2 |     84 |      0 |      0 |   1 |   86.0 |
         Sewer |    346 |    346 |      0 |    137 |    116 |   1 |  346.0 |
               +--------+--------+--------+--------+--------+-----+--------+

Top non-repeatable levels by time:
     D:5: 964 daAuts
     D:3: 950 daAuts
     D:1: 895 daAuts
     D:2: 796 daAuts
     D:4: 780 daAuts
     D:6: 680 daAuts
     D:7: 432 daAuts
   Sewer: 346 daAuts
     D:8: 205 daAuts
  Temple: 86 daAuts
